 Dungeon Crawl Stone Soup version 0.30.0-15-g856e2d3f33 (webtiles) character file.

Game seed: 5684517262373923218

534 browni3141 the Caller (level 7, -9/48 HPs)
             Began as a Mummy Summoner on May 19, 2023.
             Was an Initiate of Yredelemnul.
             Mangled by a wyvern skeleton (12 damage)
             ... on level 4 of the Dungeon.
             The game lasted 00:18:19 (3117 turns).

browni3141 the Caller (Mummy Summoner)              Turns: 3117, Time: 00:18:19

Health: -9/48      AC:  3    Str: 11    XL:     7   Next: 4%
Magic:  4/14       EV: 11    Int: 16    God:    Yredelemnul [......]
Gold:   236        SH:  4    Dex: 13    Spells: 2/15 levels left

rFire   . . .        N - +4 dagger
rCold   + . .        L - +0 buckler
rNeg    + + +        P - +0 robe {Archmagi}
rPois   ∞            (no helmet)
rElec   .            O - +0 cloak
rCorr   .            (no gloves)
SInv    .            (no boots)
Will    .....        (no amulet)
Stlth   ++           R - ring of protection from fire
HPRegen 0.28/turn    (no ring)
MPRegen 0.14/turn

%: faith, archmagi
@: no status effects
A: cold resistance 1, negative energy resistance 3, torment resistance 2, heat
vulnerability 1, in touch with death 1, no potions, faith
a: Renounce Religion, Recall Undead Harvest


You were on level 4 of the Dungeon.
You worshipped Yredelemnul.
Yredelemnul was noncommittal.
You visited 2 branches of the dungeon, and saw 5 of its levels.
You also visited: Sewer.

You collected 236 gold pieces.

Inventory:

Hand Weapons
 b - a +0 whip
 N - a +4 dagger (weapon)
Missiles
 J - 8 poisoned darts
 S - 2 atropa-tipped darts
 Z - 5 javelins
Armour
 a - a +0 robe
 L - a +0 buckler (worn)
 M - the +4 scale mail of Bafopt {Int+2}
   (You found it on level 2 of the Dungeon)

   Int:       It affects your intelligence (+2).
 O - a +0 cloak (worn)
 P - a +0 robe of the Archmagi (worn)
 Y - a scarf of repulsion
Jewellery
 R - a ring of protection from fire (left hand)
Wands
 V - a wand of flame (18)
 W - a wand of charming (8)
Scrolls
 K - 4 scrolls of magic mapping
 Q - a scroll of amnesia
 T - 4 scrolls of teleportation
 U - a scroll of immolation {unknown}
 X - a scroll of enchant weapon {unknown}


   Skills:
 - Level 1.0 Fighting
 * Level 2.3 Armour
 - Level 1.7 Dodging
 - Level 1.7 Stealth
 * Level 2.9 Shields
 * Level 4.7 Spellcasting
 * Level 4.7 Summonings


You had 2 spell levels left.
You knew the following spells:

 Your Spells              Type           Power      Damage    Failure   Level
a - Call Canine Familiar  Summ           28%        N/A       10%         3
g - Summon Guardian Gole  Hex/Summ       16%        N/A       26%         3
l - Summon Lightning Spi  Summ/Air       16%        N/A       63%         4
x - Call Imp              Summ           56%        N/A       4%          2
z - Summon Small Mammal   Summ           100%       N/A       3%          1

Your spell library contained the following spells:

 Spells                   Type           Power      Damage    Failure   Level
 Portal Projectile        Hex/Tloc       10%        N/A       54%         3
 Tukima's Dance           Hex            5%         N/A       54%         3
 Blade Hands              Tmut           Unusable   N/A       N/A         5

Dungeon Overview and Level Annotations

Branches:
Dungeon (4/15)             Temple (1/1) D:4           Sewer (visited)

Altars:
Cheibriados
Dithmenos
Fedhas
Hepliaklqana
Makhleb
Nemelex Xobeh
Okawaru
Qazlal
Ru
Sif Muna
Trog
Uskayaw
Vehumet
Wu Jian
Xom
Yredelemnul

Annotations:
D:4 1 transporter, ProzacElf's ghost, novice DsHW


Innate Abilities, Weirdness & Mutations

You are immune to poison.
Your flesh is cold resistant. (rC+)
You are immune to negative energy. (rN+++)
You are immune to unholy pain and torment.
You are vulnerable to heat. (rF-)
You are in touch with the powers of death.
You do not drink.
You have a special connection with the divine. (Faith)


Message History

Your orc zombie barely misses the water moccasin skeleton.
Your quokka bites the bullfrog zombie.
Your orc priest zombie closely misses the phantom.
The water moccasin skeleton bites your orc zombie.
The wyvern skeleton closely misses you.
The bullfrog zombie barely misses your quokka.
Your cerulean imp hits the wyvern skeleton with a -2 spear.
You swap places.
The water moccasin skeleton closely misses you.
ProzacElf's ghost casts a spell at you. The magic dart hits your orc zombie!
The water moccasin skeleton bites your orc zombie.
The wyvern skeleton bites you!
* * * LOW HITPOINT WARNING * * *
Your orc zombie closely misses the water moccasin skeleton.
The bullfrog zombie hits your cerulean imp.
Your orc priest zombie hits the phantom but does no damage.
Your cerulean imp hits the bullfrog zombie with a -2 spear.
Unknown command.
Aiming: Charm
Press: ? - help, Shift-Dir - straight line, f - phantom
Aim: a phantom (ally target, chance to affect: 31%)
The phantom is charmed.
Your quokka bites the bullfrog zombie.
ProzacElf's ghost gestures at you while chanting.
The magic dart hits your quokka.
The water moccasin skeleton bites your orc zombie.
You block the wyvern skeleton's attack.
The bullfrog zombie hits your cerulean imp.
Your orc zombie closely misses the water moccasin skeleton.
Your orc zombie hits the wyvern skeleton.
The water moccasin skeleton barely misses your phantom.
Your cerulean imp hits the bullfrog zombie with a -2 spear.
Your orc priest zombie hits ProzacElf's ghost but does no damage.
Your quokka bites the bullfrog zombie.
You are too injured to fight recklessly!
You hit the wyvern skeleton.
The wyvern skeleton is heavily damaged.
You block the wyvern skeleton's attack.
The water moccasin skeleton bites your orc zombie.
Your orc zombie is destroyed!
The bullfrog zombie misses your cerulean imp.
Your quokka barely misses ProzacElf's ghost.
Your phantom hits ProzacElf's ghost but does no damage.
ProzacElf's ghost hits your quokka.
Your quokka dies!
Your quokka's corpse disappears in a puff of smoke!
The water moccasin skeleton barely misses your phantom.
Your quokka bites the bullfrog zombie.
The wyvern skeleton bites you!
* * * LOW HITPOINT WARNING * * *
Your cerulean imp hits the bullfrog zombie with a -2 spear.
The bullfrog zombie misses your quokka.
Unknown command.
ProzacElf's ghost says, "I practised a lot since I died."
ProzacElf's ghost hits your orc zombie.
Your orc zombie is destroyed!
Your quokka bites the bullfrog zombie.
The wyvern skeleton barely misses your phantom.
The bullfrog zombie hits your quokka but does no damage.
The water moccasin skeleton closely misses you.
Your cerulean imp barely misses the bullfrog zombie.
Okay, then.
Unknown command.
Casting: Call Canine Familiar (dangerous; 10% risk of failure)
Press: ? - help, Q - select action, (/) - cycle Dir - look around, f - activate You feel a surge of power!
The water moccasin skeleton completely misses your phantom.
Your phantom hits the wyvern skeleton.
Your phantom blinks!
ProzacElf's ghost closely misses your orc priest zombie.
Your quokka bites the bullfrog zombie.
The bullfrog zombie barely misses your quokka.
The water moccasin skeleton closely misses you.
Your orc priest zombie hits the wyvern skeleton.
Your cerulean imp hits the bullfrog zombie with a -2 spear.
The water moccasin skeleton bites your orc priest zombie.
The wyvern skeleton attacks as you move away!
The wyvern skeleton bites you!
* * * LOW HITPOINT WARNING * * *
ProzacElf's ghost hits your orc priest zombie!
Your hound bites the water moccasin skeleton.
The water moccasin skeleton is destroyed!
Your orc priest zombie closely misses ProzacElf's ghost.
You block the wyvern skeleton's attack.
You have reached level 7!
Aiming: Charm
Press: ? - help, Shift-Dir - straight line, f - wyvern skeleton
Aim: a wyvern skeleton (severely damaged, ally target, chance to affect: 61%)
The wyvern skeleton resists with significant effort.
ProzacElf's ghost hits your orc priest zombie!
Your orc priest zombie is destroyed!
Your cerulean imp barely misses the wyvern skeleton.
The wyvern skeleton completely misses you.
Your hound bites the wyvern skeleton.
Aiming: Charm
Press: ? - help, Shift-Dir - straight line, f/p - wyvern skeleton
Aim: a wyvern skeleton (severely damaged, ally target, chance to affect: 61%)
The wyvern skeleton resists with significant effort.
The wyvern skeleton bites you!
You die...
Yredelemnul claims you as an undead slave.

..._##.>..#...........#..##
.#..##.[..#...........#..#
....#.....#..###.###..#..#
#####.....#..#8#.#8#..#..#
#.######..#..........$#.Z#
.........©#W....W....(#©.#
.......#..#....hZ5.Z.$#..#
.......#..#..#8#Z#8#..#..#
.......#..#..###@###..#..#
.......#..#...........#..#
######....#©..........#..#
###..#############..# ##
#.................# .#
#.................# .#
###.........######### .####
#.........'ZZ.....# ....#
#.........#######.#


You could see ProzacElf's ghost, a water moccasin skeleton, a wyvern skeleton
(ally target), a friendly hound (summoned) and a friendly cerulean imp
(summoned).

Vanquished Creatures
  A kobold brigand (Sewer)
  A scorpion (D:4)
  An orc priest (D:4)
  An orc wizard (D:2)
  2 adders
  2 river rats (Sewer)
  A worm (D:3)
  4 dart slugs
  7 orcs
  4 endoplasms
  3 giant cockroaches
  3 goblins
  8 hobgoblins
  3 jackals
  3 quokkas
  8 ball pythons
  A bat (D:1)
  A frilled lizard (D:3)
  7 kobolds
  7 rats
68 creatures vanquished.

Vanquished Creatures (collateral kills)
  A kobold brigand (Sewer)
  A water moccasin skeleton (D:4)
  An iguana (D:4)
  An orc wizard (D:4)
  An adder (D:2)
  2 worms
  2 dart slugs
  3 orcs
  4 bats
  2 endoplasms (D:2)
  3 hobgoblins
  6 jackals
  2 quokkas
  A ball python (D:2)
  A frilled lizard (D:1)
  8 goblins
  4 kobolds
  4 rats
47 creatures vanquished.

Vanquished Creatures (others)
  An orc wizard (D:4)
  5 orc zombies (D:4)
  A kobold zombie (D:4)
  A quokka zombie (D:4)
8 creatures vanquished.

Grand Total: 123 creatures vanquished

Notes
Turn   | Place    | Note
-------+----------+-------------------------------------------
     0 | D:1      | browni3141 the Mummy Summoner began the quest for the Orb.
     0 | D:1      | Reached XP level 1. HP: 13/13 MP: 4/4
   278 | D:1      | Reached XP level 2. HP: 19/19 MP: 5/5
   368 | D:1      | Reached skill level 3 in Spellcasting
   392 | D:1      | Learned a level 2 spell: Call Imp
   793 | D:1      | Gained mutation: You are in touch with the powers of death.
                  | [Mummy growth]
   793 | D:1      | Reached XP level 3. HP: 23/26 MP: 2/7
   985 | D:2      | Reached XP level 4. HP: 19/32 MP: 5/8
  1102 | D:2      | Identified the +4 scale mail of Bafopt {Int+2}
  1610 | D:3      | Reached XP level 5. HP: 28/37 MP: 9/9
  1800 | D:3      | Found a glowing drain.
  1810 | Sewer    | Entered a sewer
  1897 | Sewer    | Reached XP level 6. HP: 24/43 MP: 3/12
  1965 | D:3      | Learned a level 3 spell: Call Canine Familiar
  1969 | D:3      | Learned a level 3 spell: Summon Guardian Golem
  1974 | D:3      | Learned a level 4 spell: Summon Lightning Spire
  2403 | D:4      | Found a transporter.
  2405 | D:4      | Noticed ProzacElf's ghost (novice DsHW)
  2406 | D:4      | Found a transporter.
  2414 | D:4      | Identified the +0 chain mail "Voan Geu" {rElec rC+ Will-
                  | Int+5 Dex+3}
  2492 | D:4      | Found a staircase to the Ecumenical Temple.
  2507 | Temple   | Entered the Ecumenical Temple
  2569 | Temple   | Became a worshipper of Yredelemnul the Dark
  2986 | D:4      | Found a shimmering blue altar of Sif Muna.
  2995 | D:4      | Reached * piety under Yredelemnul
  3115 | D:4      | HP: 2/43 [wyvern skeleton (12)]
  3116 | D:4      | Reached XP level 7. HP: 2/48 MP: 3/14
  3117 | D:4      | Mangled by a wyvern skeleton

Illustrated notes

Levels and vault maps discovered:
D:1:      dpeg_arrival_round_b, layout_loops_ring, st_stairs_11,
          kennysheep_small_spiral
D:2:      minmay_skewed_foursquare, layout_basic
D:3:      layout_basic, elyvilon_altar_5, portal_sewer_entry_e,
          minmay_fractal_squares_gapless_5
D:4:      layout_basic, lemuel_coloured_pillars_altar, minmay_temple_entry_grid,
          gammafunk_ghost_mausoleum, kennysheep_generic_room_8
Temple:   nicolae_temple_elliptical

Skill      XL: |  1  2  3  4  5  6 |
---------------+-------------------+-----
Fighting       | 1 |  1.0
Spellcasting   | 3 4 |  4.7
Shields        | 1 2 |  2.9
Summonings     | 4 |  4.7
Armour         | 1 2 |  2.3
Dodging        | |  1.7
Stealth        | |  1.7

Action                     |  1- 3 |  4- 6 |  7- 9 || total
---------------------------+-------+-------+-------++-------
  Melee: Whip              |    88 |    16 |       ||   104
         Punch             |     1 |       |       ||     1
         Dagger            |       |   179 |       ||   179
   Cast: Summon Small Mamm |    13 |    10 |       ||    23
         Call Imp          |     8 |    22 |       ||    30
         Call Canine Famil |       |    10 |       ||    10
  Evoke: Wand              |       |     1 |     2 ||     3
    Use: Scroll            |     1 |     2 |       ||     3
   Stab: Sleeping          |     2 |     3 |       ||     5
         Distracted        |       |     1 |       ||     1
 Armour: Robe              |    18 |    42 |       ||    60
  Dodge: Dodged            |    78 |   104 |     1 ||   183
  Block: Buckler           |     5 |    46 |       ||    51
